 Dungeon Crawl Stone Soup version 0.30-a0-948-g4fa250aae5 (webtiles) character file.

Game seed: 6116029011360936029

1 Monkooky the Sneak (level 1, 0/14 HPs)
             Began as a Kobold Delver on Mar 26, 2023.
             Was an Initiate of Zin.
             Succumbed to an adder's poison
             ... on level 2 of the Dungeon.
             The game lasted 00:02:29 (376 turns).

Monkooky the Sneak (Kobold Delver)                   Turns: 376, Time: 00:02:30

Health: 0/14       AC:  3    Str:  9    XL:     1   Next: 22%
Magic:  1/1        EV: 14    Int: 11    God:    Zin [......]
Gold:   19         SH:  0    Dex: 16    Spells: 0/0 levels left

rFire   . . .      SeeInvis .    a - +0 short sword
rCold   . . .      Faith    .    (no shield)
rNeg    . . .      Spirit   .    b - +0 leather armour
rPois   .          Reflect  .    (no helmet)
rElec   .          Rampage  .    (no cloak)
rCorr   .                        (no gloves)
Will    .....                    (no boots)
Stlth   ++++                     (no amulet)
HPRegen 0.22/turn                (no ring)
MPRegen 0.07/turn                (no ring)

@: lethally poisoned (0 -> -5)
A: small, no large weapons, nightstalker 3
a: Renounce Religion, Donate Gold


You were on level 2 of the Dungeon.
You worshipped Zin.
Zin was noncommittal.
You visited 1 branch of the dungeon, and saw 4 of its levels.

You collected 21 gold pieces.
You donated 2 gold pieces to Zin.

Inventory:

Hand Weapons
 a - a +0 short sword (weapon)
Armour
 b - a +0 leather armour (worn)
 d - a +0 ring mail
Wands
 g - a wand of digging (3)
Scrolls
 c - a scroll of fog


   Skills:
 - Level 3.3 Fighting
 + Level 2.7 Short Blades
 - Level 2.4 Dodging
 - Level 6.6 Stealth


You couldn't memorise any spells.
You didn't know any spells.
Your spell library was empty.

Dungeon Overview and Level Annotations

Branches:
Dungeon (5/15)
 Temple: D:4-7

Altars:
Zin


Innate Abilities, Weirdness & Mutations

You are small and have problems with some larger weapons.
You are completely attuned to the shadows.


Message History

You feel sick.
There is a stone staircase leading down here.
You feel yourself slow down.
You feel sick.
You feel sick.
You are no longer poisoned.
You miss the adder. The adder barely misses you.
You hit the adder.
The adder is lightly wounded.
The adder bites you but does no damage.
You miss the adder.
The adder is lightly wounded.
The adder misses you.
Okay, then.
You aren't carrying any potions.
Unknown command.
Okay, then.
You hit the adder.
The adder is moderately wounded.
The adder closely misses you.
You closely miss the adder.
The adder is moderately wounded.
The adder bites you but does no damage.
You hit the adder.
The adder is heavily wounded.
The adder closely misses you.
You hit the adder.
The adder is almost dead.
The adder bites you.
You hit the adder.
The adder is almost dead.
The adder bites you.
* * * LOW HITPOINT WARNING * * *
You are lethally poisoned!
The adder poisons you!
Okay, then.
The air fills with toxic fumes!
As you read the scroll labelled KEWNOA MOFUTE, it crumbles to dust.
It was a scroll of poison.
You die...

### #.#####
#.....# ##.
##.###.# ...#
#....#.# ...
#§.#...#
#.#####§§#####§
#.....§§§S@§§§§
###############


You could see an adder.

Vanquished Creatures
  A frilled lizard (D:2)
  A rat (D:2)
2 creatures vanquished.

Vanquished Creatures (others)
  9 plants (D:2)
9 creatures vanquished.

Grand Total: 11 creatures vanquished

Notes
Turn   | Place    | Note
-------+----------+-------------------------------------------
     0 | D:5      | Monkooky the Kobold Delver began the quest for the Orb.
     0 | D:5      | Reached XP level 1. HP: 14/14 MP: 1/1
   175 | D:5      | Noticed a hound
   299 | D:4      | Found a glowing silver altar of Zin.
   305 | D:4      | Became a worshipper of Zin the Law-Giver
   376 | D:2      | Succumbed to an adder's poison

Illustrated notes

Levels and vault maps discovered:
D:2:      layout_basic, serial_shops, shop, nicolae_grassy_gnolls, uniq_jessica
D:3:      layout_loops_ring, general_overflow_altar, grunt_gozag_statues,
          regret_index_temple_of_mockery
D:4:      layout_gridville, mainiacjoe_overflow_large_starburst,
          minmay_temple_entry_purple_smoke
D:5:      layout_basic, mainiacjoe_overflow_alcove_1, nrook_uturn

Action                     || total
---------------------------++-------
  Melee: Short sword       ||    26
    Use: Scroll            ||     3
         Potion            ||     1
   Stab: Sleeping          ||     1
 Armour: Leather armour    ||     9
  Dodge: Dodged            ||    17

Table legend: (Time is in decaauts)
 A = Elapsed time spent in this place.
 B = Non-inter-level travel time spent in this place.
 C = Inter-level travel time spent in this place.
 D = Time resting spent in this place.
 E = Time spent auto-exploring this place.
 F = Levels seen in this place.
 G = Mean time per level.
                   A        B        C        D        E       F      G
               +--------+--------+--------+--------+--------+-----+--------+
         Total |    352 |    352 |      0 |     37 |     56 |   4 |   88.0 |
       Dungeon |    352 |    352 |      0 |     37 |     56 |   4 |   88.0 |
               +--------+--------+--------+--------+--------+-----+--------+

Top non-repeatable levels by time:
     D:5: 242 daAuts
     D:4: 76 daAuts
     D:2: 28 daAuts
     D:3: 4 daAuts
